Map: Ruins of Endion

Players

llllllIIlll (Nina) - Winner!

  • Race: Protoss Protoss
  • League: Master

ColoUrDFiRsT

  • Race: Zerg Zerg
  • League: Grandmaster

Event: The PiG Daily 31

VOD

https://www.youtube.com/watch?v=eu9EARwl8B8

Description

Time

  • Played on: June 20, 2016, 1:02 a.m.
  • Length: 22:22
Show
View Real Time Build Order
Export as new Build Order

llllllIIlll Protoss - Winner!

Build Orders: Aggressive Blink-Prism, 1 Gate Expand 

Get SALT Encoding   

  12  0:01  Probe (Chrono Boost)  
  13  0:11  Probe (Chrono Boost)  
  14  0:18  Pylon  
  14  0:22  Probe (Chrono Boost)  
  15  0:37  Probe (Chrono Boost)  
  15  0:38  Gateway  
  16  0:43  Assimilator  
  16  0:47  Probe (Chrono Boost)  
  17  0:58  Probe (Chrono Boost)  
  18  1:08  Probe (Chrono Boost)  
  19  1:20  Probe (Chrono Boost)  
  19  1:24  Nexus  
  20  1:33  Cybernetics Core  
  20  1:36  Cybernetics Core  
  20  1:39  Probe (Chrono Boost)  
  21  1:48  Assimilator  
  21  1:49  Probe (Chrono Boost)  
  21  1:53  Pylon  
  22  2:00  Probe (Chrono Boost)  
  23  2:12  Probe (Chrono Boost), Adept  
  23  2:13  Warp Gate  
  26  2:23  Probe (Chrono Boost)  
  27  2:33  Probe (Chrono Boost)  
  27  2:35  Twilight Council  
  27  2:37  Probe (Chrono Boost)  
  29  2:40  Adept  
  32  2:44  Probe (Chrono Boost)  
  32  2:47  Probe (Chrono Boost)  
  33  2:53  Robotics Facility  
  33  2:55  Probe (Chrono Boost)  
  34  2:59  Probe (Chrono Boost)  
  35  3:07  Resonating Glaives (Chrono Boost)  
  35  3:09  Adept  
  35  3:10  Probe (Chrono Boost)  
  35  3:11  Probe (Chrono Boost)  
  39  3:20  Probe  
  39  3:23  Probe  
  41  3:31  Probe  
  41  3:32  Pylon  
  42  3:35  Probe  
  42  3:36  Gateway  
  43  3:41  Probe  
  43  3:47  Probe  
  45  3:52  Probe  
  44  3:56  Gateway  
  44  3:58  Gateway  
  44  3:59  Probe, Warp Prism (Chrono Boost)  
  45  4:05  Mothership Core  
  47  4:10  Pylon  
  47  4:11  Probe  
  48  4:19  Adept  
  48  4:22  Pylon  
  48  4:23  Probe  
  51  4:26  Probe  
  51  4:31  Adept  
  54  4:35  Probe  
  54  4:38  Probe  
  56  4:46  Nexus  
  56  4:47  Probe, Assimilator  
  56  4:48  Assimilator  
  56  4:50  Probe  
  58  4:53  Pylon  
  58  4:56  Adept x2  
  58  4:57  Adept  
  58  4:58  Blink, Adept  
  66  5:04  Probe  
  67  5:09  Pylon  
  67  5:12  Observer (Chrono Boost)  
  69  5:21  Probe  
  69  5:23  Adept  
  69  5:25  Probe  
  69  5:26  Sentry x3  
  76  5:33  Probe  
  76  5:34  Immortal (Chrono Boost)  
  81  5:49  Probe  
  82  5:53  Forge  
  82  5:54  Gateway  
  82  5:55  Sentry, Gateway x2  
  82  5:56  Stalker  
  86  5:58  Probe  
  86  5:59  Probe  
  89  6:04  Probe  
  89  6:10  Immortal (Chrono Boost)  
  93  6:13  Probe  
  94  6:20  Probe  
  94  6:21  Probe  
  94  6:25  Probe  
  97  6:26  Pylon  
  97  6:27  Protoss Ground Weapons Level 1 (Chrono Boost)  
  97  6:29  Pylon  
  97  6:31  Probe  
  98  6:35  Assimilator  
  98  6:37  Assimilator  
  98  6:40  Immortal  
  102  6:47  Stalker  
  102  6:48  Stalker x3  
  102  6:51  Pylon  
  110  7:00  Pylon  
  110  7:02  Probe, Stalker x2  
  110  7:03  Probe x2, Pylon  
  110  7:07  Pylon  
  117  7:12  Probe  
  117  7:15  Probe x2  
  120  7:18  Pylon, Nexus  
  120  7:23  Probe  
  120  7:27  Probe x2, Stalker x3  
  127  7:39  Stalker x2  
  127  7:42  Probe  
  131  7:44  Stalker x2  
  134  7:52  Probe  
  134  7:55  Photon Cannon  
  134  7:57  Photon Cannon  
  134  7:58  Photon Cannon  
  135  8:00  Pylon  
  135  8:04  Stargate  
  135  8:07  Stargate  
  135  8:18  Stalker x5  
  135  8:19  Stalker  
  145  8:26  Protoss Ground Weapons Level 2 (Chrono Boost)  
  145  8:37  Robotics Facility  
  145  8:41  Robotics Bay  
  145  8:44  Photon Cannon  
  145  8:46  Photon Cannon  
  145  8:48  Photon Cannon  
  145  8:49  Assimilator  
  145  8:51  Stalker x3  
  145  8:52  Stalker  
  145  8:55  Assimilator  
  153  8:59  Observer  
  154  9:13  Pylon  
  154  9:16  Pylon  
  154  9:28  Disruptor (Chrono Boost)  
  154  9:31  Stalker x3  
  164  9:32  Disruptor (Chrono Boost)  
  164  9:37  Photon Cannon  
  164  9:38  Photon Cannon  
  166  9:39  Pylon  
  166  9:42  Photon Cannon  
  166  9:43  Pylon  
  166  10:00  Disruptor (Chrono Boost)  
  165  10:08  Disruptor (Chrono Boost)  
  165  10:14  Protoss Ground Weapons Level 3  
  165  10:16  Nexus  
  165  10:17  Stalker x5  
  165  10:18  Stalker, Pylon  
  165  10:20  Pylon  
  177  10:25  Pylon  
  177  10:27  Pylon  
  177  10:30  Photon Cannon  
  177  10:31  Disruptor (Chrono Boost)  
  177  10:32  Photon Cannon  
  183  10:44  Disruptor (Chrono Boost)  
  183  10:52  Stalker x4  
  183  10:53  Stalker x2  
  192  11:02  Disruptor (Chrono Boost)  
  189  11:09  Stargate  
  189  11:10  Photon Cannon, Stargate  
  189  11:12  Photon Cannon  
  189  11:13  Stargate  
  192  11:19  Disruptor (Chrono Boost)  
  192  11:29  Protoss Air Weapons Level 1  
  193  11:33  Observer (Chrono Boost)  
  193  11:35  Probe  
  193  11:36  Probe, Assimilator  
  193  11:37  Adept x2  
  193  11:39  Assimilator  
  199  11:54  Adept x5  
  169  11:55  Disruptor (Chrono Boost)  
  157  12:08  Probe  
  129  12:09  Probe  
  129  12:10  Probe x2  
  130  12:15  Stalker x2  
  130  12:16  Stalker x5  
  130  12:20  Probe x2  
  144  12:30  Probe  
  144  12:31  Probe  
  144  12:32  Probe, Fleet Beacon  
  144  12:33  Probe  
  148  12:42  Probe x2  
  150  12:46  Probe x2, Templar Archives  
  152  13:04  Observer (Chrono Boost)  
  153  13:06  Observer (Chrono Boost)  
  150  13:19  Adept x2  
  140  13:20  Adept x5  
  119  13:44  Tempest x2 (Chrono Boost)  
  119  13:45  Tempest (Chrono Boost)  
  119  13:46  Probe  
  119  13:47  Probe x2  
  119  13:48  Probe  
  135  13:57  Adept x2  
  135  13:58  Probe, High Templar x4  
  148  14:03  Archon  
  148  14:04  Archon  
  147  14:17  Pylon  
  147  14:18  Pylon  
  147  14:23  Tempest x3 (Chrono Boost)  
  159  14:29  High Templar  
  159  14:30  High Templar  
  163  14:36  Archon  
  163  14:38  Adept x5  
  163  14:46  High Templar x2  
  163  14:47  Nexus  
  163  14:49  Pylon  
  163  14:51  Archon  
  165  14:53  Pylon  
  165  14:58  Pylon  
  165  15:00  Tempest (Chrono Boost)  
  165  15:02  Tempest (Chrono Boost)  
  173  15:12  Photon Cannon x2  
  173  15:15  Tempest (Chrono Boost)  
  177  15:31  Photon Cannon  
  177  15:33  Photon Cannon, Pylon  
  177  15:37  Pylon  
  177  15:39  Pylon  
  177  15:41  Photon Cannon  
  177  15:42  Photon Cannon  
  177  15:44  Photon Cannon  
  177  15:46  Photon Cannon  
  177  15:47  Pylon  
  177  15:49  Pylon  
  176  15:59  Tempest x3 (Chrono Boost)  
  186  16:04  Photon Cannon  
  186  16:08  Photon Cannon  
  186  16:12  Pylon  
  186  16:13  Pylon  
  186  16:21  Dark Shrine  
  186  16:22  Mothership Core  
  188  16:36  Tempest (Chrono Boost)  
  192  16:58  Stalker x4  
  185  17:08  Tempest (Chrono Boost)  
  188  17:50  Nexus  
  188  17:52  Pylon, Dark Shrine  
  188  17:55  Pylon  
  188  17:56  Pylon  
  188  17:58  Pylon  
  188  18:11  Tempest x2 (Chrono Boost)  
  188  18:42  Photon Cannon  
  188  18:43  Photon Cannon, High Templar x2  
  188  18:44  High Templar  
  188  18:46  Photon Cannon  
  188  18:48  Photon Cannon  
  193  18:50  Photon Cannon  
  193  18:51  Psionic Storm  
  193  18:55  Archon  
  193  18:56  High Templar  
  193  18:57  Photon Cannon  
  193  18:59  Photon Cannon  
  195  19:04  Assimilator  
  195  19:05  Assimilator  
  195  19:10  Archon  
  194  19:30  High Templar  
  194  19:31  High Templar  
  198  19:46  Nexus  
  198  19:49  High Templar, Pylon  
  198  19:51  Pylon  
  198  19:52  Archon  
  190  20:09  Tempest (Chrono Boost)  
  190  20:10  Tempest (Chrono Boost)  
  190  20:13  High Templar  
  200  20:18  Probe x2  
  200  20:19  Probe  
  199  20:24  Photon Cannon  
  199  20:25  Photon Cannon  
  199  20:28  Photon Cannon  
  199  20:30  Photon Cannon  
  199  20:32  Photon Cannon  
  199  20:34  Photon Cannon  
  193  20:56  Probe  
  193  20:57  Probe  
  195  21:00  Photon Cannon  
  195  21:01  Photon Cannon  
  182  21:11  Probe  
  174  21:12  Probe  
  172  21:22  Probe  
  172  21:24  Probe x2  
  175  21:27  Probe, Assimilator  
  175  21:28  Probe  
  175  21:29  Assimilator  
  185  21:33  Tempest x2 (Chrono Boost)  
  183  21:40  Probe  
  183  21:44  High Templar x2  
  188  21:48  Photon Cannon  
  182  22:16  Archon  
  182  22:17  Archon  
Show
View Real Time Build Order
Export as new Build Order

ColoUrDFiRsT Zerg 

Build Orders: Hatch First, Lurkers, Muta Lurker 

Get SALT Encoding   

  12  0:01  Drone  
  13  0:09  Drone  
  14  0:17  Overlord  
  14  0:36  Drone x3  
  17  0:49  Drone  
  18  0:57  Hatchery  
  17  0:59  Drone  
  18  1:15  Spawning Pool  
  18  1:16  Drone  
  18  1:19  Drone  
  19  1:27  Extractor  
  19  1:31  Drone  
  19  1:46  Hatchery  
  18  1:48  Drone  
  18  1:52  Drone  
  20  2:02  Queen  
  22  2:08  Zergling x2  
  22  2:14  Queen  
  25  2:19  Drone  
  25  2:21  Drone  
  27  2:25  Drone  
  28  2:30  Overlord  
  28  2:36  Metabolic Boost  
  28  2:49  Drone x4  
  32  2:54  Drone  
  32  2:58  Overlord  
  33  3:05  Drone x2  
  34  3:09  Roach Warren  
  34  3:12  Drone  
  34  3:14  Drone  
  34  3:18  Zergling x2  
  34  3:19  Zergling x2  
  37  3:21  Zergling x2  
  37  3:23  Zergling x2  
  37  3:24  Zergling x2  
  37  3:27  Zergling x2  
  41  3:32  Zergling x4  
  40  3:55  Drone x10  
  50  4:04  Overlord  
  50  4:07  Extractor  
  49  4:16  Drone  
  49  4:18  Overlord  
  49  4:19  Overlord  
  49  4:20  Lair  
  50  4:24  Drone x3  
  50  4:26  Drone  
  50  4:27  Drone  
  50  4:30  Drone  
  55  4:31  Drone  
  55  4:34  Drone  
  55  4:36  Drone  
  55  4:37  Drone x3  
  61  4:40  Drone x2  
  61  4:41  Drone  
  64  4:47  Queen  
  66  4:55  Overlord  
  66  4:56  Roach x3  
  66  4:58  Roach  
  74  5:02  Extractor, Overlord  
  74  5:04  Extractor  
  74  5:05  Overlord  
  72  5:13  Roach  
  74  5:18  Zergling x10  
  74  5:19  Zergling x2  
  76  5:25  Spire  
  76  5:27  Drone  
  76  5:28  Drone x2  
  77  5:29  Drone x2, Extractor  
  77  5:30  Drone  
  77  5:31  Extractor  
  77  5:33  Drone x3  
  82  5:37  Roach  
  82  5:38  Drone  
  82  5:39  Drone  
  84  5:48  Drone x2  
  83  5:54  Overlord  
  83  5:55  Hydralisk Den  
  82  5:57  Drone  
  82  5:58  Drone  
  82  6:00  Drone x2  
  86  6:13  Evolution Chamber  
  83  6:21  Drone x3  
  83  6:24  Lurker Den  
  85  6:28  Overlord  
  85  6:37  Overlord  
  85  6:41  Mutalisk x8  
  98  6:49  Overlord  
  98  6:52  Drone x2  
  100  6:57  Zerg Missile Weapons Level 1  
  100  6:59  Drone  
  100  7:00  Evolution Chamber  
  100  7:01  Infestation Pit  
  99  7:08  Overlord  
  99  7:10  Zergling x18  
  108  7:16  Zergling x2  
  108  7:19  Zergling x2  
  108  7:22  Zergling x2  
  111  7:23  Zergling x2  
  111  7:24  Zergling x4  
  111  7:25  Zergling x2  
  111  7:26  Overlord  
  115  7:34  Hydralisk  
  115  7:35  Hydralisk x6  
  125  7:42  Hydralisk x2  
  127  7:56  Hydralisk  
  127  7:58  Zerg Melee Weapons Level 1  
  129  7:59  Hive  
  129  8:17  Lurker x6  
  135  8:21  Drone  
  135  8:24  Overlord x5  
  136  8:30  Overlord  
  136  8:34  Zergling x2  
  133  8:43  Overseer  
  133  8:44  Zergling x2  
  133  8:46  Hatchery  
  133  8:47  Overseer, Zergling x14  
  133  8:48  Zergling x2  
  141  8:50  Zergling x2  
  141  8:53  Zerg Ground Armor Level 1, Zergling x2  
  143  8:56  Zergling x2  
  143  8:59  Zergling x2  
  143  9:01  Lurker  
  143  9:02  Lurker x3, Drone  
  150  9:03  Drone x5  
  150  9:04  Drone  
  156  9:17  Greater Spire  
  155  9:34  Adrenal Glands  
  155  9:39  Zergling x18  
  155  9:45  Zergling x2  
  165  9:48  Zergling x4  
  165  9:50  Zergling x2  
  165  9:52  Zergling x2  
  169  9:53  Zergling x2  
  169  9:55  Zerg Melee Weapons Level 2  
  169  9:59  Extractor  
  168  10:00  Extractor, Corruptor  
  168  10:01  Corruptor x3  
  168  10:05  Corruptor  
  175  10:11  Hatchery  
  175  10:12  Spore Crawler  
  175  10:13  Corruptor x2, Spore Crawler  
  174  10:17  Overlord x4  
  174  10:18  Overlord  
  176  10:26  Zergling x2  
  176  10:27  Overlord  
  154  10:58  Zergling x22  
  154  10:59  Zergling x14  
  154  11:00  Zergling x2  
  174  11:05  Brood Lord x6  
  174  11:06  Zergling x4  
  174  11:09  Zergling x2  
  174  11:11  Zergling x2  
  188  11:21  Zergling x2  
  181  11:25  Zergling x2  
  181  11:28  Brood Lord  
  181  11:29  Zergling x2  
  181  11:30  Zergling x2  
  181  11:31  Zergling x2  
  181  11:32  Zergling x2  
  187  11:35  Zergling x4  
  187  11:37  Zergling x2  
  187  11:39  Zerg Ground Armor Level 2  
  190  11:41  Ultralisk Cavern, Zergling x2  
  190  11:42  Zergling x10  
  190  11:43  Zergling x4  
  187  11:52  Zergling x2  
  187  11:53  Zergling x2  
  167  11:57  Corruptor  
  167  11:58  Corruptor x5  
  167  12:00  Zergling x2  
  167  12:01  Zergling x4  
  174  12:03  Zergling x2  
  172  12:10  Zergling x2  
  172  12:11  Zergling x6  
  175  12:29  Drone x9  
  179  12:34  Chitinous Plating  
  179  12:40  Brood Lord  
  181  12:48  Brood Lord  
  183  12:53  Extractor  
  183  12:54  Hatchery  
  181  13:10  Extractor  
  174  13:16  Brood Lord x4  
  155  13:35  Corruptor  
  155  13:36  Corruptor  
  141  13:45  Ultralisk x4  
  165  13:55  Zerg Melee Weapons Level 3  
  165  14:05  Ultralisk x2  
  176  14:16  Ultralisk  
  179  14:21  Extractor  
  179  14:23  Zergling x12  
  179  14:24  Extractor  
  183  14:31  Drone  
  183  14:33  Drone x2, Spore Crawler  
  183  14:34  Drone x3  
  188  14:52  Ultralisk  
  194  15:01  Spore Crawler, Ultralisk  
  194  15:05  Zerg Ground Armor Level 3  
  197  15:25  Spore Crawler  
  197  15:27  Spore Crawler  
  192  15:31  Spore Crawler  
  189  15:57  Corruptor x5  
  198  16:29  Brood Lord  
  179  16:53  Corruptor x10  
  197  17:06  Corruptor  
  197  17:07  Viper x3  
  191  17:22  Corruptor  
  179  17:23  Viper x3  
  188  17:45  Corruptor x5  
  198  17:52  Zergling x2  
  199  18:02  Zerg Missile Weapons Level 2  
  199  18:03  Muscular Augments  
  194  18:31  Hatchery, Spire x2  
  188  18:40  Zergling x22  
  199  19:11  Extractor x2  
  161  19:52  Ultralisk  
  161  19:53  Ultralisk x6  
  181  20:08  Corruptor x11  
  184  20:17  Ultralisk  
  175  20:23  Zergling x2  
  175  20:25  Zergling x24  
  175  20:26  Zergling x2  
  173  20:36  Zergling x6  
  173  20:37  Zergling x2  
  175  20:48  Zergling x8  
  115  21:05  Ultralisk x2  
  115  21:08  Zergling x6  
Tags
 
Add a new tag
Caveats
  • Supply blocks, unpowered buildings, or Contaminate may cause inaccurate times.
  • Supply counts are checked every 10 seconds.